 Dungeon Crawl Stone Soup version 0.24.0-37-gcf1ca852f1 (webtiles) character file.

Game seed: 11049008840015821381, levelgen mode: deterministic

689 theswoord the Twirler (level 7, -10/46 HPs)
             Began as a Deep Elf Gladiator on Nov 22, 2019.
             Mangled by an orc warrior
             ... wielding a +0 glaive
              (19 damage)
             ... on level 4 of the Dungeon.
             The game lasted 00:10:15 (4350 turns).

theswoord the Twirler (Deep Elf Gladiator)          Turns: 4350, Time: 00:10:15

Health: -10/46     AC:  8    Str: 13    XL:     7   Next: 36%
Magic:  18/18      EV: 16    Int: 13    God:
Gold:   177        SH:  0    Dex: 21    Spells: 6/6 levels left

rFire    . . .     SeeInvis .   a - +0 quarterstaff
rCold    . . .     Gourm    .   (shield currently unavailable)
rNeg     . . .     Faith    .   r - +0 scale mail
rPois    .         Spirit   .   c - +0 helmet
rElec    .         Reflect  .   (no cloak)
rCorr    .         Harm     .   (no gloves)
MR       +....                  l - +0 pair of boots
Stlth    +.........             (no amulet)
HPRegen  0.55/turn              u - ring of magical power
MPRegen  0.16/turn              k - ring of protection from magic

@: agile
A: regeneration 1, robust 1
a: no special abilities


You were on level 4 of the Dungeon.
You were not hungry.

You visited 1 branch of the dungeon, and saw 4 of its levels.

You collected 177 gold pieces.

Inventory:

Hand Weapons
 a - a +0 quarterstaff (weapon)
Missiles
 d - 3 throwing nets (quivered)
Armour
 b - a +0 leather armour
 c - a +0 helmet (worn)
 l - a +0 pair of boots (worn)
 r - a +0 scale mail (worn)
Jewellery
 k - a ring of protection from magic (right hand)
 u - a ring of magical power (left hand)
Scrolls
 e - a scroll of immolation
 m - a scroll of enchant weapon {unknown}
 n - a scroll of teleportation
 q - a scroll of remove curse
Potions
 g - a potion of cancellation
 h - a potion of mutation
 j - a potion of heal wounds {unknown}
Comestibles
 f - 8 rations
 i - 8 chunks of flesh


   Skills:
 + Level 3.8 Fighting
 * Level 7.5 Staves
 - Level 2.0 Throwing
 - Level 3.6 Dodging


You had 6 spell levels left.
You didn't know any spells.
Your spell library was empty.

Dungeon Overview and Level Annotations

Branches:
Dungeon (4/15)
 Temple: D:4-7

Altars:
Okawaru
Sif Muna


Innate Abilities, Weirdness & Mutations

Your natural rate of healing is unusually fast.
You are robust. (+10% HP)


Message History

The orc closely misses you.
Your scale mail prevents you from hitting the orc warrior.
The orc warrior is moderately wounded.
The orc misses you.
The orc warrior hits you with a +0 glaive!
The orc closely misses you.
You hit the orc warrior.
The orc warrior is moderately wounded.
The orc closely misses you.
You sock the orc warrior!
The orc warrior is heavily wounded.
The orc hits you from afar with a +0 trident.
* * * LOW HITPOINT WARNING * * *
The orc warrior hits you with a +0 glaive!!
* * * LOW HITPOINT WARNING * * *
The orc misses you.
You feel better. The orc hits you but does no damage.
The orc closely misses you.
The orc warrior hits you with a +0 glaive!!
You die...

###### #.##o##.#......'..........
.....###.##.##.#.....##..........
...........g...............#....<
....####.##.####.####.####.......
#####....##.# #.##.....##.......
...#.##.##.# #.#.......#.......
###.#.#####.####.#.......#...#'##
......@.g.....o...).._.......#.#
###.###########o@#.......#...#.#
#.# #.# #..o#.......#...#.# ###.#
#.# #)..##.....##.###.# .)..#
#.######.#.####.####.# #.##
#######........#...........###...
#....##.########...............#.
#.##.##.# #.....#.#######.#.
..##.##[# #.....#.# #.#.
####.##.# #.....#.# #.#.


You could see an orc warrior and 2 orcs.

Vanquished Creatures
  Eustachio (D:4)
  Edmund (D:4)
  A black bear (D:4)
  A howler monkey (D:3)
  An iguana (D:4)
  2 worker ants (D:4)
  5 adders
  4 gnolls (D:4)
  3 river rats (D:3)
  3 oozes (D:1)
  2 dart slugs
  6 worms
  A leopard gecko (D:2)
  11 orcs
  11 bats
  6 giant cockroaches
  9 goblins
  8 hobgoblins
  2 jackals (D:1)
  A quokka (D:2)
  2 ball pythons (D:3)
  5 frilled lizards
  10 kobolds
  13 rats
109 creatures vanquished.

Notes
Turn   | Place    | Note
-------+----------+-------------------------------------------
     0 | D:1      | theswoord the Deep Elf Gladiator began the quest for the
                  | Orb.
     0 | D:1      | Reached XP level 1. HP: 12/12 MP: 3/3
   191 | D:1      | Reached XP level 2. HP: 13/16 MP: 4/4
   409 | D:1      | Reached skill level 4 in Staves
   580 | D:1      | Reached XP level 3. HP: 13/20 MP: 5/5
  1527 | D:2      | Gained mutation: You are robust. (+10% HP) [potion of
                  | mutation]
  1527 | D:2      | Gained mutation: Your natural rate of healing is unusually
                  | fast. [potion of mutation]
  1534 | D:2      | Reached XP level 4. HP: 10/28 MP: 6/6
  1983 | D:2      | Reached skill level 5 in Staves
  2485 | D:3      | Reached XP level 5. HP: 34/34 MP: 7/7
  3635 | D:4      | Noticed Edmund
  3649 | D:4      | Killed Edmund
  3649 | D:4      | Reached skill level 6 in Staves
  3649 | D:4      | Reached XP level 6. HP: 40/40 MP: 8/8
  3734 | D:4      | Found a shimmering blue altar of Sif Muna.
  3762 | D:4      | Noticed an orc warrior
  3766 | D:4      | Noticed Eustachio
  3934 | D:4      | Reached skill level 7 in Staves
  3934 | D:4      | Reached XP level 7. HP: 33/45 MP: 9/9
  3946 | D:4      | Found an iron altar of Okawaru.
  3953 | D:4      | Killed Eustachio
  4349 | D:4      | HP: 1/46 [orc warrior/+0 glaive (22)]
  4350 | D:4      | Mangled by an orc warrior

Skill      XL: |  1  2  3  4  5  6 |
---------------+-------------------+-----
Staves         | 4 5 6 7 |  7.5
Fighting       | 2 3 |  3.8
Throwing       | |  2.0
Dodging        | |  3.6

Action                   |  1- 3 |  4- 6 |  7- 9 || total
-------------------------+-------+-------+-------++-------
Melee: Quarterstaff      |   123 |   245 |    37 ||   405
Throw: Throwing net      |     1 |     1 |       ||     2
  Use: Potion            |     1 |     4 |     2 ||     7
       Scroll            |       |     7 |       ||     7
 Stab: Sleeping          |     4 |       |       ||     4
       Invisible         |       |     2 |       ||     2
  Eat: Chunk             |     2 |     8 |     2 ||    12
Armor: Leather armour    |    41 |    19 |       ||    60
       Scale mail        |       |    67 |     8 ||    75
Dodge: Dodged            |   108 |   156 |    28 ||   292

Levels and vault maps discovered:
D:1:      dpeg_arrival_subterranean_lakeside_camping, layout_basic
D:2:      layout_basic, first_ration
D:3:      layout_rooms, serial_curves, eino_curves_02, eino_curves_01,
          eino_curves_02, eino_curves_02, lightli_sewer_entry_pipes,
          chequers_big_river, serial_bayou_lagoon_b
D:4:      layout_basic, old_standard_altar, nicolae_overflow_hidden_temple,
          chequers_avenue, grunt_decor_fettered, uniq_natasha, uniq_edmund,
          uniq_eustachio, uniq_sigmund, uniq_duvessa
